[Event "December 5 Late 2023"]
[Site "https://www.chess.com"]
[Date "2023.12.05"]
[Round "8"]
[White "Kashefi, Amir Hosein"]
[Black "Rian, Kapriaga"]
[Result "1-0"]
[Board "64"]
[TimeControl "180+1"]
[WhiteFideId "12557935"]
[BlackFideId "7103263"]
[WhiteElo "2552"]
[BlackElo "2346"]
[WhiteTeam "IRI"]
[BlackTeam "INA"]
[WhiteClock "0:00:41"]
[BlackClock "0:00:00"]

1. d4 Nf6 2. Nf3 d5 3. g3 e6 4. Bg2 Be7 5. O-O O-O 6. b3 a5 7. Bb2 a4 8. a3 axb3 9. cxb3 Nbd7 10. b4 b6 11. Nbd2 Ba6 12. Re1 c5 13. dxc5 bxc5 14. Rb1 cxb4 15. axb4 Qb6 16. Bd4 Qb5 17. e4 Rab8 18. exd5 Nxd5 19. Ne4 Qd3 20. Nc5 Qxd1 21. Rbxd1 Nxc5 22. bxc5 Rfc8 23. Ne5 Bb5 24. c6 Bxc6 25. Nxc6 Rxc6 26. Bxd5 Rd6 27. Be5 exd5 28. Bxd6 Bxd6 29. Rxd5 Bf8 30. Rd7 g6 31. Rc1 Bh6 32. Rcc7 Rf8 33. Rb7 Bg5 34. Kg2 Kg7 35. h3 h6 36. g4 Bh4 37. Kf3 Bg5 38. Ke4 Bh4 39. f4 Bf6 40. Kd5 Bh4 41. Rb6 Bf6 42. f5 gxf5 43. gxf5 Bg5 44. Ke4 Re8+ 45. Re6 Ra8 46. Rg6+ Kf8 47. Rgd6 Ra4+ 48. Rd4 Ra3 49. Rd3 Ra4+ 50. Ke5 Ra5+ 51. R7d5 Ra1 52. f6 Re1+ 53. Kf5 Rf1+ 54. Kg4 Rxf6 55. R3d4 Rf1 56. h4 Bf6 57. Rb4 Kg7 58. Kh5 Rh1 59. Rf5 Be7 60. Re4 Kf8 61. Rff4 Bd8 62. Kxh6 1-0

[Event "December 5 Late 2023"]
[Site "https://www.chess.com"]
[Date "2023.12.05"]
[Round "8"]
[White "Cervantes Landeiro, Thalia"]
[Black "Paragua, Megan Althea"]
[Result "1-0"]
[Board "65"]
[TimeControl "180+1"]
[WhiteFideId "3520498"]
[BlackFideId "30973007"]
[WhiteElo "2547"]
[BlackElo "2311"]
[WhiteTeam "USA"]
[BlackTeam "USA"]
[WhiteClock "0:00:40"]
[BlackClock "0:00:07"]

1. d4 Nf6 2. c4 e6 3. Nf3 d5 4. Nc3 Be7 5. Bf4 O-O 6. e3 c5 7. dxc5 Bxc5 8. cxd5 Nxd5 9. Nxd5 exd5 10. Bd3 Nc6 11. O-O Be6 12. Bxh7+ Kxh7 13. Qc2+ Kg8 14. Qxc5 Qb6 15. Qxb6 axb6 16. a3 Na5 17. Nd2 Rfc8 18. Rac1 Nc4 19. Nxc4 dxc4 20. Be5 b5 21. Bc3 Rd8 22. Rcd1 Rd3 23. Bd4 Bf5 24. f3 Rxd1 25. Rxd1 Bd3 26. Kf2 f6 27. Bc3 Kf7 28. e4 Ke6 29. Ke3 Rd8 30. h3 Rd7 31. g3 Rd8 32. f4 Rh8 33. h4 Re8 34. e5 f5 35. Kd4 b6 36. Ke3 g6 37. Bd4 Rb8 38. Rh1 Be4 39. Rh2 Rb7 40. h5 Rh7 41. h6 Kd5 42. Bxb6 Bd3 43. Bd4 Be4 44. Bc3 Bd3 45. Bb4 Be4 46. Bf8 Bd3 47. Bg7 Be4 48. Rd2+ Bd3 49. Rd1 Ke6 50. Kd4 Be2 51. Ra1 Kd7 52. Kc5 Ke6 53. Rc1 Kd7 54. Rc3 Bd3 55. Kxb5 Ke6 56. Kb6 Kd5 57. a4 g5 58. fxg5 f4 59. gxf4 Be4 60. a5 Bf5 61. a6 Be4 62. a7 Ke6 63. Rxc4 1-0

[Event "December 5 Late 2023"]
[Site "https://www.chess.com"]
[Date "2023.12.05"]
[Round "8"]
[White "Annaberdiyev, Meylis"]
[Black "Dobre, Claudiu-Cristian"]
[Result "1-0"]
[Board "66"]
[TimeControl "180+1"]
[WhiteFideId "14000563"]
[BlackFideId "1211854"]
[WhiteElo "2683"]
[BlackElo "2499"]
[WhiteTeam "TKM"]
[BlackTeam "ROU"]
[WhiteClock "0:01:41"]
[BlackClock "0:00:07"]

1. e4 e5 2. Nf3 Nf6 3. d4 Nxe4 4. Bd3 Nc6 5. dxe5 Nc5 6. O-O Be7 7. Nc3 O-O 8. Nd5 d6 9. Nxe7+ Nxe7 10. Bg5 h6 11. Bh4 dxe5 12. Bh7+ Kxh7 13. Qxd8 Rxd8 14. Bxe7 Rd6 15. Bxd6 cxd6 16. Rad1 Ne4 17. Rfe1 Ng5 18. Nxg5+ hxg5 19. Rxd6 Be6 20. Rxe5 Rc8 21. c3 Bxa2 22. Rxg5 Re8 23. h4 Re2 24. Rh5+ 1-0

[Event "December 5 Late 2023"]
[Site "https://www.chess.com"]
[Date "2023.12.05"]
[Round "8"]
[White "Khruschiov, Alexey"]
[Black "Ventura Bolet, Maxim"]
[Result "1-0"]
[Board "67"]
[TimeControl "180+1"]
[WhiteFideId "13900544"]
[BlackFideId "22238824"]
[WhiteElo "2669"]
[BlackElo "2480"]
[WhiteTeam "MDA"]
[BlackTeam "ESP"]
[WhiteClock "0:01:25"]
[BlackClock "0:00:00"]

1. g3 g6 2. Bg2 Bg7 3. e4 e5 4. Ne2 Ne7 5. d4 d6 6. O-O O-O 7. c4 Nbc6 8. Be3 exd4 9. Nxd4 Ne5 10. Na3 N7c6 11. h3 Be6 12. Nxe6 fxe6 13. f4 Nd7 14. Qd2 Qf6 15. e5 Ndxe5 16. fxe5 Qxe5 17. Nb5 Qxg3 18. Bf4 Qh4 19. Nxc7 Bd4+ 20. Kh1 e5 21. Bh6 Rxf1+ 22. Rxf1 Rc8 23. Ne6 Bxb2 24. Ng5 Qxh6 25. Bd5+ Kg7 26. Ne6+ Kh8 27. Qxh6 1-0

[Event "December 5 Late 2023"]
[Site "https://www.chess.com"]
[Date "2023.12.05"]
[Round "8"]
[White "Solon, Nathan"]
[Black "Rama, Tejas"]
[Result "1-0"]
[Board "68"]
[TimeControl "180+1"]
[WhiteFideId "2017229"]
[BlackFideId "30907381"]
[WhiteElo "2665"]
[BlackElo "2467"]
[WhiteTeam "USA"]
[BlackTeam "USA"]
[WhiteClock "0:00:54"]
[BlackClock "0:00:16"]

1. d4 Nf6 2. Bf4 d5 3. e3 c5 4. Nf3 Nc6 5. Nbd2 Qb6 6. dxc5 Qxb2 7. Rb1 Qc3 8. Bb5 g6 9. e4 Bg7 10. Be5 Qxc5 11. Bd4 Qa3 12. exd5 a6 13. Nc4 Qxa2 14. Ra1 axb5 15. Rxa2 Rxa2 16. Nb6 Na7 17. Qb1 Ra6 18. Nxc8 Nxc8 19. Qxb5+ Kd8 20. Qxb7 Rd6 21. c4 Rd7 22. Qb8 e6 23. Ne5 exd5 24. Nc6+ 1-0

[Event "December 5 Late 2023"]
[Site "https://www.chess.com"]
[Date "2023.12.05"]
[Round "8"]
[White "Shton, Roman"]
[Black "Thomforde-Toates, Noah"]
[Result "0-1"]
[Board "69"]
[TimeControl "180+1"]
[WhiteFideId "14137461"]
[BlackFideId "30951992"]
[WhiteElo "2458"]
[BlackElo "2645"]
[WhiteTeam "UKR"]
[BlackTeam "USA"]
[WhiteClock "0:00:07"]
[BlackClock "0:00:18"]

1. d4 Nf6 2. Nf3 g6 3. c4 Bg7 4. Nc3 O-O 5. Bg5 d6 6. e3 a6 7. Be2 c5 8. d5 b5 9. cxb5 axb5 10. Bxb5 Qa5 11. Nd2 Ba6 12. Nc4 Qc7 13. a4 Nbd7 14. Kf1 Nb6 15. Nxb6 Qxb6 16. Kg1 Rfb8 17. h4 h6 18. Bf4 Nh5 19. Rb1 Nxf4 20. exf4 Qa5 21. Qd3 Qb4 22. g3 c4 23. Qc2 Bxb5 24. axb5 Qc5 25. h5 gxh5 26. Rxh5 Ra5 27. g4 Qd4 28. Rf5 Qd3 29. Rc1 Bxc3 30. Qxc3 Raxb5 31. Qxc4 Qd2 32. Qc2 Qd4 33. Qc3 Qe4 34. Qc2 Qf3 35. Qd1 Qxd1+ 36. Rxd1 Rxb2 37. g5 h5 38. Re1 Rb1 39. Kf1 Rxe1+ 40. Kxe1 Kg7 41. Ke2 Kg6 42. Rf6+ exf6 43. gxf6 Kxf6 44. f5 Kxf5 45. Kf3 Ke5 46. Kg3 Kxd5 47. Kh4 Rb4+ 48. Kxh5 Rf4 0-1

[Event "December 5 Late 2023"]
[Site "https://www.chess.com"]
[Date "2023.12.05"]
[Round "8"]
[White "DCacheiro"]
[Black "Vlassov, Nikolai"]
[Result "1-0"]
[Board "70"]
[TimeControl "180+1"]
[BlackFideId "4103360"]
[WhiteElo "2450"]
[BlackElo "2640"]
[BlackTeam "FID"]
[WhiteClock "0:00:52"]
[BlackClock "0:00:22"]

1. e4 c5 2. Nf3 d6 3. d4 cxd4 4. Nxd4 Nf6 5. Nc3 a6 6. Bg5 e6 7. f4 Be7 8. Qf3 Qc7 9. O-O-O h6 10. Bh4 Nbd7 11. Be2 b5 12. Bxf6 Bxf6 13. e5 Bb7 14. Ndxb5 axb5 15. Nxb5 Bxf3 16. Nxc7+ Kd8 17. Bxf3 Kxc7 18. Bxa8 dxe5 19. Bf3 exf4 20. Rd3 g5 21. Rhd1 Nc5 22. Ra3 Rb8 23. Ra7+ Nb7 24. Rxb7+ Rxb7 25. Bxb7 Kxb7 26. Rd7+ Kc6 27. Rxf7 Bd4 28. c3 Bg1 29. h3 Kd5 30. Rh7 e5 31. Rxh6 e4 32. Kd2 f3 33. gxf3 exf3 34. Rf6 Ke4 35. Rf8 Bc5 36. Rf7 Be3+ 37. Ke1 Bf4 38. Rxf4+ Kxf4 39. Kf2 1-0

[Event "December 5 Late 2023"]
[Site "https://www.chess.com"]
[Date "2023.12.05"]
[Round "8"]
[White "Titus, Andrew"]
[Black "Argandona Riveiro, Inigo"]
[Result "1-0"]
[Board "71"]
[TimeControl "180+1"]
[WhiteFideId "2059770"]
[BlackFideId "2212072"]
[WhiteElo "2591"]
[BlackElo "2449"]
[WhiteTeam "USA"]
[BlackTeam "ESP"]
[WhiteClock "0:00:08"]
[BlackClock "0:00:03"]

1. e4 d6 2. d4 Nf6 3. Nc3 e5 4. Nf3 Nbd7 5. g4 g6 6. g5 Nh5 7. Bc4 Bg7 8. Be3 O-O 9. h4 c6 10. dxe5 dxe5 11. a4 Qe7 12. Qe2 Nf4 13. Bxf4 exf4 14. h5 Ne5 15. hxg6 hxg6 16. Nxe5 Qxe5 17. f3 Qxg5 18. O-O-O Qa5 19. Qh2 Re8 20. Qxf4 Be6 21. Bxe6 Rxe6 22. Rd7 Rf6 23. Qe3 b5 24. axb5 Qa1+ 25. Nb1 cxb5 26. e5 Rf5 27. f4 Qa6 28. Qe4 Rc8 29. Rhd1 Qc6 30. R7d5 Rxf4 31. Rd8+ Bf8 32. Qxc6 Rxc6 33. Nc3 Rf2 34. Kb1 Kg7 35. Ne4 Rfxc2 36. Nf6 Re2 37. R1d5 Rxe5 38. Rxe5 Rxf6 39. Rxb5 a6 40. Rbb8 Bd6 41. Rbc8 a5 42. Ka2 Bb4 43. Rd5 Rf2 44. Kb3 Rf3+ 45. Ka4 Rf2 46. b3 Ra2+ 47. Kb5 Rb2 48. Rd3 Re2 49. Rcd8 Re5+ 50. Ka4 Re7 51. R8d5 Re1 52. Rg3 Ra1+ 53. Kb5 Rb1 54. Rd7 Re1 55. Rf3 Re5+ 56. Kc4 Re4+ 57. Kb5 Re5+ 58. Ka4 Re8 59. Rdxf7+ Kh6 60. Rh3+ Kg5 61. Rg3+ Kh5 62. Rh7# 1-0

[Event "December 5 Late 2023"]
[Site "https://www.chess.com"]
[Date "2023.12.05"]
[Round "8"]
[White "aksuliini1"]
[Black "Wu, Sibo"]
[Result "1/2-1/2"]
[Board "72"]
[TimeControl "180+1"]
[BlackFideId "8606048"]
[WhiteElo "2561"]
[BlackElo "2428"]
[BlackTeam "CHN"]
[WhiteClock "0:00:06"]
[BlackClock "0:00:12"]

1. e4 c5 2. Nf3 Nc6 3. Bc4 e6 4. O-O d5 5. Bb5 Be7 6. exd5 exd5 7. d4 Nf6 8. dxc5 O-O 9. Nbd2 Bxc5 10. Nb3 Bd6 11. h3 a6 12. Be2 h6 13. c3 Bf5 14. Be3 Re8 15. a4 Rc8 16. a5 Bc7 17. Nfd4 Qd6 18. Nf3 Be4 19. Bc5 Qd8 20. Nbd4 Nxa5 21. b4 Nc4 22. Nb3 b6 23. Bd4 Qd6 24. g3 Bf5 25. Kg2 a5 26. bxa5 bxa5 27. Nc5 Bb6 28. Nd3 Qd7 29. g4 Be4 30. Bxb6 Nxb6 31. Qd2 Nc4 32. Qf4 Qc7 33. Rfd1 Qxf4 34. Nxf4 Nb2 35. Rd2 Nc4 36. Rd4 Rb8 37. Kg3 Rec8 38. Bxc4 dxc4 39. Rxa5 Rb3 40. Nd2 Rxc3+ 41. Kh2 Bd3 42. Ra2 Rc1 43. Nxd3 cxd3 44. Rxd3 R1c2 45. Rxc2 Rxc2 46. Kg2 Kh7 47. Kf3 Rc7 48. Nf1 Kg6 49. Ng3 h5 50. Rd6 hxg4+ 51. hxg4 Rc3+ 52. Kf4 Rc4+ 53. Kf3 Kg5 54. Kg2 Kxg4 55. Ra6 Kg5 56. Ra7 Kg6 57. Ra6 Rc2 58. Ra4 Rb2 59. Rc4 Rd2 60. Kf3 Rb2 61. Kg2 Rd2 62. Rh4 Kg5 63. Rb4 Ng4 64. Rb5+ Kg6 65. Rb6+ f6 66. Ne4 Rc2 67. Kg3 Ne5 68. Rb3 Ra2 69. f4 Nf7 70. Rc3 Nh6 71. Nd6 Nf5+ 72. Nxf5 Kxf5 73. Rc5+ Kg6 74. Rc7 Ra3+ 75. Kg4 Ra4 76. Kg3 Kh6 77. Kg4 Kg6 78. Kg3 f5 79. Rc6+ Kf7 80. Rc7+ Kf6 81. Rc6+ Ke7 82. Rc7+ Kf6 83. Rc6+ Kf7 84. Rc7+ Kf6 1/2-1/2

[Event "December 5 Late 2023"]
[Site "https://www.chess.com"]
[Date "2023.12.05"]
[Round "8"]
[White "Buchenau, Frank"]
[Black "Rangel, Daniel"]
[Result "0-1"]
[Board "73"]
[TimeControl "180+1"]
[WhiteFideId "4604350"]
[BlackFideId "2124475"]
[WhiteElo "2424"]
[BlackElo "2554"]
[WhiteTeam "GER"]
[BlackTeam "BRA"]
[WhiteClock "0:00:00"]
[BlackClock "0:00:25"]

1. e4 c5 2. Nf3 g6 3. c3 Bg7 4. d4 cxd4 5. cxd4 d5 6. e5 Bg4 7. Bb5+ Nd7 8. Nbd2 e6 9. O-O Ne7 10. h3 Bxf3 11. Nxf3 O-O 12. Bg5 a6 13. Bd3 b5 14. Rc1 Nb6 15. b3 Qd7 16. Qd2 Nc6 17. Rc5 Rfc8 18. Bh6 Qb7 19. Rfc1 Nd7 20. R5c2 Ne7 21. Bxg7 Kxg7 22. Qg5 Ng8 23. h4 Rxc2 24. Rxc2 Rc8 25. Qc1 Rxc2 26. Qxc2 h5 27. Ng5 Qb6 28. Qc8 Nf8 29. Qe8 Nh6 30. Nf3 Qc7 31. Qa8 Qc1+ 32. Kh2 Qf4+ 33. Kg1 Qc1+ 34. Kh2 Ng4+ 35. Kg3 Qb2 36. Qxa6 Qxf2+ 37. Kh3 Ne3 0-1

[Event "December 5 Late 2023"]
[Site "https://www.chess.com"]
[Date "2023.12.05"]
[Round "8"]
[White "Erzhanov, Arman"]
[Black "Marchesich, Giovanni"]
[Result "0-1"]
[Board "74"]
[TimeControl "180+1"]
[WhiteFideId "4138821"]
[BlackFideId "2824790"]
[WhiteElo "2533"]
[BlackElo "2415"]
[WhiteTeam "KAZ"]
[BlackTeam "ITA"]
[WhiteClock "0:00:10"]
[BlackClock "0:01:01"]

1. e4 e5 2. Nf3 Nc6 3. Be2 Nf6 4. d3 d5 5. Nbd2 a5 6. O-O Bc5 7. c3 O-O 8. h3 Re8 9. b3 b6 10. Re1 h6 11. Bf1 Bb7 12. a3 d4 13. c4 Bf8 14. Kh1 Nd7 15. Ng1 Nc5 16. Be2 g6 17. Bg4 h5 18. Be2 Bg7 19. Rf1 Rf8 20. Ndf3 Bc8 21. Ng5 f6 22. N5f3 Ne6 23. Nh4 Qe8 24. Kh2 Bd7 25. g3 Ne7 26. f4 g5 27. Bxh5 Qd8 28. Nf5 exf4 29. Nxg7 Kxg7 30. gxf4 Rh8 31. Bg4 Nxf4 32. Bxf4 gxf4 33. Rxf4 Ng6 34. Rf2 Ne5 35. Bf5 Qe8 36. Qe2 Rh4 37. Rg2+ Kf7 38. Rf1 Qh8 39. Bxd7 Nxd7 40. Qf3 Ne5 41. Qf5 Ke7 42. Nf3 Rh5 43. Rg7+ Qxg7 44. Qxh5 Rh8 45. Qf5 Ng4+ 46. Kg3 Ne3+ 47. Kf2 Nxf5 48. exf5 c5 49. Re1+ Kd7 50. h4 Re8 51. Rxe8 Kxe8 0-1

[Event "December 5 Late 2023"]
[Site "https://www.chess.com"]
[Date "2023.12.05"]
[Round "8"]
[White "Zivic, Dragan"]
[Black "Pesotskiy, Mikhail"]
[Result "0-1"]
[Board "75"]
[TimeControl "180+1"]
[WhiteFideId "904740"]
[BlackFideId "34164453"]
[WhiteElo "2404"]
[BlackElo "2523"]
[WhiteTeam "SRB"]
[BlackTeam "RUS"]
[WhiteClock "0:01:06"]
[BlackClock "0:00:55"]

1. c4 e6 2. Nc3 Nf6 3. Nf3 Bb4 4. g4 d5 5. g5 Ne4 6. cxd5 exd5 7. h4 O-O 8. a3 Bc5 9. d4 Bb6 10. Be3 Bg4 11. Nd2 Nxc3 12. bxc3 Re8 13. Qc2 Qd6 14. h5 Nd7 15. a4 c5 16. a5 cxd4 17. cxd4 Rac8 18. Qb3 Bxa5 19. Bg2 Bc3 20. Rc1 Rxe3 21. fxe3 Qg3+ 22. Kf1 Bxe2+ 23. Kg1 Qxe3+ 24. Kh2 Qf4+ 25. Kg1 Bxd4+ 0-1

[Event "December 5 Late 2023"]
[Site "https://www.chess.com"]
[Date "2023.12.05"]
[Round "8"]
[White "Mazzilli, Piero"]
[Black "Tikhonov, Viacheslav"]
[Result "1/2-1/2"]
[Board "76"]
[TimeControl "180+1"]
[WhiteFideId "807087"]
[BlackFideId "44196407"]
[WhiteElo "2338"]
[BlackElo "2523"]
[WhiteTeam "ITA"]
[BlackTeam "RUS"]
[WhiteClock "0:00:09"]
[BlackClock "0:00:34"]

1. e4 c5 2. c3 g6 3. d4 cxd4 4. cxd4 d5 5. exd5 Nf6 6. Bb5+ Bd7 7. Bc4 Bg7 8. Nc3 O-O 9. Nf3 a6 10. a4 Bg4 11. h3 Bxf3 12. Qxf3 Nbd7 13. O-O Nb6 14. Bb3 Rc8 15. Re1 Qd7 16. Bg5 Rfd8 17. Re2 Nbxd5 18. Nxd5 Nxd5 19. Bxe7 Re8 20. Bxd5 Rxe7 21. Rxe7 Qxe7 22. Bxb7 Rb8 23. Bxa6 Rxb2 24. Qa8+ Bf8 25. Bc4 Qf6 26. Qf3 Bg7 27. Qxf6 Bxf6 28. Rd1 Rb4 29. Bb5 Bxd4 30. Kf1 h5 31. f3 h4 32. Ke2 Rb2+ 33. Rd2 Rb4 34. Kd3 Be5 35. Rc2 Kg7 36. Re2 Kf6 37. Rc2 g5 38. Bc6 Rb3+ 39. Kc4 Ra3 40. Kb5 Bc3 41. Be4 Ke5 42. Kc4 Bd4 43. Bc6 f5 44. Re2+ Be3 45. Kb4 Rd3 46. Bb5 Rd4+ 47. Kc3 Kf4 48. a5 Rd5 49. Kc4 Rd4+ 50. Kc3 Rd5 51. Kc4 Rd4+ 52. Kc3 1/2-1/2

[Event "December 5 Late 2023"]
[Site "https://www.chess.com"]
[Date "2023.12.05"]
[Round "8"]
[White "Stojanovski, Sandi"]
[Black "Alvarado, Carlos"]
[Result "1-0"]
[Board "77"]
[TimeControl "180+1"]
[WhiteFideId "1403249"]
[BlackFideId "3800555"]
[WhiteElo "2519"]
[BlackElo "2397"]
[WhiteTeam "DEN"]
[BlackTeam "PER"]
[WhiteClock "0:00:05"]
[BlackClock "0:00:00"]

1. d3 d5 2. Nf3 Nf6 3. g3 c6 4. Bg2 Bf5 5. O-O h6 6. c4 e6 7. cxd5 exd5 8. Nc3 Be7 9. e4 dxe4 10. dxe4 Qxd1 11. Rxd1 Nxe4 12. Nd4 Nxc3 13. bxc3 Bd7 14. Re1 Kd8 15. Rb1 b6 16. Bf4 Bf6 17. Rbd1 Kc8 18. Nb5 cxb5 19. Bxa8 Bc6 20. Bxc6 Nxc6 21. Rd3 Rd8 22. Red1 Bxc3 23. Rxd8+ Nxd8 24. Rc1 b4 25. Bd2 Ne6 26. Bxc3 bxc3 27. Rxc3+ Kd7 28. f4 g6 29. Kf2 h5 30. Ke3 Nc5 31. Kd4 Kd6 32. Kc4 a6 33. Re3 Ne6 34. Ra3 Nc5 35. Re3 Ne6 36. Re1 h4 37. f5 gxf5 38. gxh4 Nf4 39. Kd4 Ng2 40. Rb1 b5 41. h5 Ke6 42. Kc5 f4 43. Kb6 Kf6 44. Kxa6 Ne3 45. Kxb5 f3 46. a4 Nd5 47. Rf1 Nc3+ 48. Kb4 Nd5+ 49. Kc5 Nc7 50. Rxf3+ Kg5 51. a5 Ne6+ 52. Kb6 Kg4 53. Rxf7 Ng5 54. Rb7 Kxh5 55. a6 Ne6 56. a7 Nf4 57. a8=Q Nd5+ 58. Ka7 1-0

[Event "December 5 Late 2023"]
[Site "https://www.chess.com"]
[Date "2023.12.05"]
[Round "8"]
[White "Sarkar, Justin"]
[Black "Leenhouts, Koen"]
[Result "0-1"]
[Board "78"]
[TimeControl "180+1"]
[WhiteFideId "2010011"]
[BlackFideId "1008439"]
[WhiteElo "2311"]
[BlackElo "2514"]
[WhiteTeam "USA"]
[BlackTeam "NED"]
[WhiteClock "0:00:01"]
[BlackClock "0:00:12"]

1. e4 e6 2. d4 d5 3. Nc3 Bb4 4. Qd3 dxe4 5. Qxe4 Nf6 6. Qh4 b6 7. Bb5+ Bd7 8. Bd3 Bc6 9. Ne2 Be7 10. Qg3 Nbd7 11. Nb5 O-O 12. Nxc7 Rc8 13. Nb5 Bxb5 14. Bxb5 Rxc2 15. O-O Qc7 16. Bf4 Qc8 17. Rac1 Nh5 18. Qb3 Rxc1 19. Rxc1 Qd8 20. Bc7 Qe8 21. Qa4 Nhf6 22. Be5 Qd8 23. Qxa7 Nxe5 24. dxe5 Nd5 25. Qb7 Bc5 26. g3 Qg5 27. Rd1 Qxe5 28. Kf1 Qxb2 29. Bc4 Qf6 30. Bxd5 Qxf2# 0-1

[Event "December 5 Late 2023"]
[Site "https://www.chess.com"]
[Date "2023.12.05"]
[Round "8"]
[White "Calcada, Lucas Galvan"]
[Black "Grutter, Tim"]
[Result "0-1"]
[Board "79"]
[TimeControl "180+1"]
[WhiteFideId "22746099"]
[BlackFideId "1057472"]
[WhiteElo "2023"]
[BlackElo "2511"]
[WhiteTeam "BRA"]
[BlackTeam "NED"]
[WhiteClock "0:00:00"]
[BlackClock "0:00:34"]

1. d4 Nf6 2. c4 g6 3. Nc3 Bg7 4. e4 d6 5. Be2 O-O 6. Nf3 e5 7. O-O Nc6 8. d5 Ne7 9. Ne1 Nd7 10. Nd3 f5 11. f3 f4 12. b4 a5 13. bxa5 g5 14. a4 Rxa5 15. Ba3 b6 16. Bb4 Ra8 17. a5 bxa5 18. Rxa5 Rb8 19. Nb5 c5 20. Bd2 Nb6 21. Qc2 h5 22. Rb1 g4 23. Ra7 Ng6 24. Ba5 Nh4 25. Kh1 Rf6 26. Nc7 Rg6 27. fxg4 hxg4 28. Bxb6 f3 29. Bf1 g3 0-1

[Event "December 5 Late 2023"]
[Site "https://www.chess.com"]
[Date "2023.12.05"]
[Round "8"]
[White "Chan, Yi Ren Daniel"]
[Black "Wieczorek, Zbigniew"]
[Result "0-1"]
[Board "80"]
[TimeControl "180+1"]
[WhiteFideId "5801583"]
[BlackFideId "1102001"]
[WhiteElo "2792"]
[BlackElo "2231"]
[WhiteTeam "SGP"]
[BlackTeam "POL"]
[WhiteClock "0:00:23"]
[BlackClock "0:00:15"]

1. e4 g6 2. d4 Bg7 3. Nc3 c6 4. f4 d5 5. e5 Nh6 6. Bd3 f6 7. Nf3 Bg4 8. h3 Bxf3 9. Qxf3 O-O 10. Qe2 fxe5 11. dxe5 e6 12. Bd2 Qh4+ 13. Kd1 Nd7 14. Be3 c5 15. Bb5 Rad8 16. Bd2 Nf5 17. Qg4 Qe7 18. Re1 c4 19. Bxd7 Qxd7 20. Kc1 b5 21. a3 a5 22. Na2 Ra8 23. Qd1 Rfb8 24. g4 Ne7 25. c3 Nc6 26. Qf3 b4 27. Kd1 bxa3 28. bxa3 Rb2 29. Nc1 Rab8 30. Re2 d4 31. Ke1 d3 32. Rf2 Qd5 33. Qxd5 exd5 34. Be3 g5 35. Rxb2 Rxb2 36. Ra2 Rxa2 37. Nxa2 gxf4 38. Bxf4 Bxe5 39. Be3 Kf7 40. Kd2 Ke6 41. Bb6 Bf4+ 42. Kd1 Ke5 43. h4 Bg3 44. h5 Bf4 45. Nc1 Ke4 46. Bc5 Ne5 47. Bb6 a4 48. Na2 Nxg4 49. Nb4 Ne3+ 50. Ke1 Nc2+ 51. Kd1 Nxa3 52. Na6 Nb5 53. Nc5+ Kf3 54. Nxa4 Be5 55. Ba5 d4 56. cxd4 Bxd4 57. Nb6 c3 58. Nc4 c2+ 59. Kd2 Bc3+ 60. Bxc3 Nxc3 61. Nb2 Ne4+ 62. Kc1 Ke2 63. h6 Ng3 64. Nc4 Nf5 65. Kb2 d2 66. Kxc2 d1=Q+ 67. Kc3 Qd3+ 68. Kb4 Nd4 69. Kc5 Qc3 70. Kd5 Nf3 71. Nd6 Qd3+ 72. Ke6 Qg6+ 73. Kd5 Qxh6 74. Nf5 Qg5 75. Ke4 Nd2+ 76. Ke5 Kf3 77. Ke6 Qg6+ 78. Ke5 Nc4+ 79. Kd4 Qxf5 80. Kc3 h5 81. Kd4 h4 82. Kc3 h3 83. Kd4 Qe4+ 84. Kc3 Nd6 85. Kd2 Qe3+ 86. Kd1 Kf2 87. Kc2 Qe2+ 88. Kc3 Qe3+ 89. Kc2 Nf5 90. Kb2 Qd3 91. Kc1 Qe2 92. Kb1 Ke3 93. Ka1 h2 94. Kb1 h1=R# 0-1

[Event "December 5 Late 2023"]
[Site "https://www.chess.com"]
[Date "2023.12.05"]
[Round "8"]
[White "Bochnicka, Vladimir"]
[Black "Schnaider, Ilan"]
[Result "0-1"]
[Board "81"]
[TimeControl "180+1"]
[WhiteFideId "14943450"]
[BlackFideId "169013"]
[WhiteElo "2405"]
[BlackElo "2679"]
[WhiteTeam "SVK"]
[BlackTeam "ARG"]
[WhiteClock "0:00:15"]
[BlackClock "0:00:06"]

1. e4 e5 2. Nf3 Nc6 3. Bc4 Nf6 4. d3 Bc5 5. c3 d6 6. Nbd2 a6 7. Bb3 O-O 8. Nf1 d5 9. N1d2 Bg4 10. O-O h6 11. h3 Bh5 12. Re1 Re8 13. Qe2 Bg6 14. exd5 Nxd5 15. Ne4 Ba7 16. Bxd5 Qxd5 17. Bxh6 f5 18. Nh4 Bh7 19. Bxg7 Kxg7 20. Ng5 Bg6 21. g4 Rh8 22. Nxf5+ Bxf5 23. gxf5 Rag8 24. Kh2 Kf6 25. Ne4+ Ke7 26. f6+ Kd8 27. Rg1 Rxh3+ 28. Kxh3 Qd7+ 29. Rg4 Qh7+ 30. Kg3 Rh8 31. Qf1 Qh2+ 32. Kf3 Rh3+ 33. Rg3 Rxg3+ 34. Nxg3 e4+ 35. dxe4 Ne5+ 36. Ke2 Qh4 37. Rd1+ Ke8 38. Qh1 Qg4+ 39. f3 Qxg3 40. Qh8+ Kf7 41. Qh7+ Kxf6 42. Qf5+ Ke7 43. Qh7+ Nf7 44. Qf5 Qf2+ 45. Kd3 Nd6 46. Qe5+ Kd7 47. c4 b5 48. c5 Bxc5 49. Kc3 b4+ 50. Kb3 Qxf3+ 51. Kc2 Qe2+ 52. Rd2 Qxd2+ 53. Kxd2 Nc4+ 54. Kd3 Nxe5+ 55. Ke2 Bd4 56. Kd1 Bxb2 0-1

[Event "December 5 Late 2023"]
[Site "https://www.chess.com"]
[Date "2023.12.05"]
[Round "8"]
[White "Khokhlova, Daria"]
[Black "Rosen, Eric"]
[Result "0-1"]
[Board "82"]
[TimeControl "180+1"]
[WhiteFideId "24182729"]
[BlackFideId "2032562"]
[WhiteElo "2404"]
[BlackElo "2677"]
[WhiteTeam "FID"]
[BlackTeam "USA"]
[WhiteClock "0:00:00"]
[BlackClock "0:00:04"]

1. d4 d5 2. c4 e6 3. Nf3 Nf6 4. g3 dxc4 5. Bg2 Bb4+ 6. Bd2 c5 7. dxc5 Bxc5 8. Qa4+ Nbd7 9. Qxc4 b5 10. Qxb5 Rb8 11. Qc4 Rxb2 12. O-O O-O 13. Bc3 Rb6 14. Ba5 Ba6 15. Qc2 Qc8 16. Rc1 Rc6 17. Nc3 e5 18. Nd2 Ng4 19. e3 Rh6 20. h3 Nxe3 21. fxe3 Bxe3+ 22. Kh2 Nf6 23. Nce4 Ng4+ 24. Kh1 Qf5 25. Rf1 Bxf1 26. Rxf1 Qg6 27. Qb3 Bd4 28. Nc4 Kh8 29. Ncd6 f5 30. Rxf5 Nf6 31. Nxf6 gxf6 32. Qe6 Qxg3 33. Nf7+ Rxf7 34. Qxf7 Qe1+ 35. Rf1 Qg3 36. Qf8+ Qg8 37. Qxg8+ Kxg8 38. Bd8 Kg7 39. Kh2 e4 40. Bxe4 Be5+ 41. Kg2 Rh4 42. Bf5 Rd4 43. Bg4 Rd2+ 44. Rf2 Rxd8 45. Be6 Rd6 46. Bf5 Rd4 47. Kf3 Ra4 48. Kg2 Kf8 49. Bxh7 Ra3 50. Bf5 Rg3+ 51. Kf1 Ke7 52. h4 a5 53. h5 Rg5 54. Bg6 Bd4 55. Rf3 Rc5 56. Rh3 Rc1+ 57. Ke2 Rc8 58. h6 Rh8 59. h7 Be5 60. Bf5 Kf7 61. Kd3 Bf4 62. Kc4 Bg5 63. Kb5 Bd2 64. a4 Bb4 65. Rd3 Rb8+ 66. Kc4 Kg7 67. Rd7+ Kh8 68. Rf7 Rd8 69. Kb5 Be1 70. Kc6 Bc3 71. Kc7 Ra8 72. Kb7 Rd8 73. Bd7 Bd4 74. Be6 Be5 75. Re7 Rb8+ 76. Ka6 Rf8 77. Bg8 Bc3 78. Rc7 Bb4 79. Rc6 f5 80. Rc4 f4 81. Rc2 f3 82. Rf2 Bc5 83. Rf1 f2 84. Kxa5 Be3 85. Kb5 Rf5+ 86. Kc4 Bd2 87. Kd3 Be1 0-1

[Event "December 5 Late 2023"]
[Site "https://www.chess.com"]
[Date "2023.12.05"]
[Round "8"]
[White "Haszon, David"]
[Black "Estrada Nieto, Julian"]
[Result "1-0"]
[Board "84"]
[TimeControl "180+1"]
[WhiteFideId "733610"]
[BlackFideId "5101018"]
[WhiteElo "2401"]
[BlackElo "2535"]
[WhiteTeam "HUN"]
[BlackTeam "ESP"]
[WhiteClock "0:00:14"]
[BlackClock "0:00:11"]

1. d4 d5 2. Bf4 Nf6 3. e3 c5 4. Nd2 cxd4 5. exd4 Nc6 6. Ngf3 Qb6 7. Nb3 Bf5 8. c3 e6 9. Bd3 Bxd3 10. Qxd3 Be7 11. O-O O-O 12. Rfe1 Ne4 13. Nfd2 Nd6 14. a4 a5 15. Nc5 Rad8 16. g4 Rfe8 17. Rab1 Bf8 18. Bg3 e5 19. dxe5 Qxc5 20. exd6 Rxe1+ 21. Rxe1 Bxd6 22. Nf3 Bxg3 23. hxg3 h6 24. Rd1 Qb6 25. Qb5 Qxb5 26. axb5 Na7 27. Nd4 Nc8 28. Nf5 Kf8 29. c4 Nb6 30. Ne3 d4 31. b3 g6 32. c5 Ke7 33. Nc2 d3 34. Ne1 Nd7 35. Nxd3 Nxc5 36. Re1+ Kd6 37. Nxc5 Kxc5 38. Re7 b6 39. Rxf7 Kxb5 40. Rf6 Rg8 41. f4 Kc5 42. Kf2 b5 43. f5 gxf5 44. gxf5 h5 45. Ra6 Kb4 46. Kf3 Rc8 47. f6 Rc3+ 48. Kf4 Rc1 49. Kg5 Kxb3 50. Rxa5 b4 51. Kxh5 Rf1 52. Kg5 Kc4 53. Ra8 b3 54. Rc8+ Kd5 55. Rb8 Rf3 56. g4 Kc4 57. Kg6 Rf4 58. g5 Kc3 59. Rxb3+ Kxb3 60. Kg7 Kc4 61. f7 Kd5 62. g6 Ke5 63. f8=Q Rxf8 64. Kxf8 Kf6 65. g7 Ke6 66. g8=Q+ Kf5 67. Qf7+ Ke5 68. Qg6 Kf4 69. Qe6 Kg5 70. Qf7 Kg4 71. Qf6 Kg3 72. Qf5 Kh4 73. Qg6 Kh3 74. Kf7 Kh4 75. Kf6 Kh3 76. Kf5 Kh2 77. Kf4 Kh1 78. Kf3 1-0